 Dungeon Crawl Stone Soup version 0.26-b1-32-g5d43845318 (webtiles) character file.

Game seed: 4087484390213996258

54 mopl the Ruffian (level 3, 0/29 HPs)
             Began as a Palentonga Transmuter on Jan 11, 2021.
             Slain by Robin
             ... wielding a +4 mace of venom
              (8 damage)
             ... on level 2 of the Dungeon.
             The game lasted 00:02:44 (1512 turns).

mopl the Ruffian (Palentonga Transmuter)            Turns: 1512, Time: 00:02:45

Health: 0/29       AC:  4    Str: 13    XL:     3   Next: 66%
Magic:  6/6        EV: 10    Int: 13    God:
Gold:   101        SH:  0    Dex: 11    Spells: 0/6 levels left

rFire    . . .     SeeInvis +     - Unarmed
rCold    . . .     Faith    .   (no shield)
rNeg     . . .     Spirit   .   a - +0 robe
rPois    .         Reflect  .   (no helmet)
rElec    .         Harm     .   (no cloak)
rCorr    .         Rampage  .   (no gloves)
Will     .....                  (no barding)
Stlth    +.........             (no amulet)
HPRegen  0.09/turn              (no ring)
MPRegen  0.10/turn              (no ring)

@: lethally poisoned (0 -> -35)
A: large, rugged brown scales 3, see invisible, deformed body, roll 1, armoured
tail
a: Rolling Charge


You were on level 2 of the Dungeon.
You visited 1 branch of the dungeon, and saw 2 of its levels.

You collected 101 gold pieces.

Inventory:

Missiles
 j - 4 javelins
 l - 15 poisoned darts
Armour
 a - a +0 robe (worn)
Scrolls
 c - 2 scrolls of magic mapping {unknown}
 d - a scroll of fog {unknown}
 f - a scroll of teleportation {unknown}
 g - a scroll of random uselessness {unknown}
 i - a scroll of enchant armour {unknown}
 k - a scroll of identify {unknown}
Potions
 b - a potion of haste {unknown}
 e - a potion of experience {unknown}
 h - a potion of might {unknown}


   Skills:
 - Level 1.0 Fighting
 - Level 1.5 Dodging
 * Level 4.1 Unarmed Combat
 - Level 2.0 Spellcasting
 + Level 2.8 Transmutations
 + Level 0.3 Poison Magic


You couldn't memorise any spells.
You knew the following spells:

 Your Spells              Type           Power        Failure   Level
a - Beastly Appendage     Tmut           16%          9%          1
b - Spider Form           Tmut/Pois      2%           38%         3
w - Wereblood             Tmut           8%           12%         2

Your spell library contained the following spells:

 Spells                   Type           Power        Failure   Level
 Ice Form                 Ice/Tmut       4%           82%         4
 Blade Hands              Tmut           4%           92%         5


Dungeon Overview and Level Annotations

Branches:
Dungeon (2/15)

Altars:

Annotations:
D:2 Robin


Innate Abilities, Weirdness & Mutations

You are completely covered in rugged brown scales. (AC +3, +7% HP)
You have supernaturally acute eyesight. (SInv)
Armour fits poorly on your strangely shaped body.
You can roll at nearby foes to attack.
You have a long armoured tail.


Message History

You are lethally poisoned!
You hit Robin but do no damage.
Robin is moderately wounded.
You feel sick.
You hit Robin.
Robin is severely wounded.
You feel sick. Robin hits you but does no damage.
You are more poisoned.
You are too injured to fight recklessly!
You are too injured to fight recklessly!
You are too injured to fight recklessly!
You completely miss Robin. You tail-slap Robin.
Robin is severely wounded.
You feel sick. Robin hits you with a +4 mace of venom.
You are more poisoned.
You hit Robin but do no damage.
Robin is severely wounded.
* * * LOW HITPOINT WARNING * * *
You feel sick. Robin hits you with a +4 mace of venom!
You die...

###
#..
#.#
#.#
#g#
#@#
#.#
#<#
#.#
#.#
#.#
#.#
#.#
#.#


You could see Robin.

Vanquished Creatures
  An ooze (D:1)
  2 dart slugs (D:1)
  4 leopard geckos (D:1)
  3 bats (D:1)
  10 goblins (D:1)
  4 hobgoblins (D:1)
  4 jackals (D:1)
  4 kobolds (D:1)
  A frilled lizard (D:1)
  4 rats (D:1)
37 creatures vanquished.

Notes
Turn   | Place    | Note
-------+----------+-------------------------------------------
     0 | D:1      | mopl the Palentonga Transmuter began the quest for the Orb.
     0 | D:1      | Reached XP level 1. HP: 17/17 MP: 3/3
   291 | D:1      | Reached XP level 2. HP: 24/24 MP: 5/5
   315 | D:1      | Learned a level 2 spell: Wereblood
   721 | D:1      | Reached XP level 3. HP: 22/29 MP: 6/6
   897 | D:1      | Reached skill level 4 in Unarmed Combat
   901 | D:1      | Learned a level 3 spell: Spider Form
  1214 | D:2      | Noticed Robin
  1512 | D:2      | Slain by Robin

Illustrated notes

Levels and vault maps discovered:
D:1:      scummos_arrival_gate, layout_loops_corners, serial_aquarium,
          aquarium_bridge_long_joined [aquarium_subvault_wall,
          aquarium_subvault_bridge, aquarium_subvault_bridge,
          aquarium_subvault_wall, aquarium_subvault_bridge,
          aquarium_subvault_wall], aquarium_window_1, aquarium_window_1,
          aquarium_window_1, aquarium_view_2c, minmay_pentomino_v4
D:2:      layout_basic, nicolae_overflow_hidden_temple, lemuel_round_altar,
          uniq_robin

Skill      XL: |  1  2  3 |
---------------+----------+-----
Unarmed Combat | 4 |  4.1
Fighting       | |  1.0
Dodging        | |  1.5
Spellcasting   | |  2.0
Transmutations | |  2.8
Poison Magic   | |  0.3

Action                   || total
-------------------------++-------
Melee: Unarmed           ||   139
       Tailslap          ||    11
       Punch             ||     2
 Abil: Rolling Charge    ||     8
Armor: Robe              ||    37
       Chain mail        ||     4
Dodge: Dodged            ||    78
